 Dungeon Crawl Stone Soup version 0.25-a0-528-g6b7c999 (webtiles) character file.

Game seed: 18395047152795315112, levelgen mode: deterministic

6710 b5mith the Carver (level 10, 0/145 HPs)
             Began as a Minotaur Berserker on Feb 19, 2020.
             Was a High Priest of Trog.
             Slain by a 12-headed hydra (3 damage)
             ... on level 12 of the Dungeon.
             The game lasted 00:27:23 (7547 turns).

b5mith the Carver (Minotaur Berserker)              Turns: 7547, Time: 00:27:23

Health: 0/145      AC: 14    Str: 30    XL:     10   Next: 74%
Magic:  3/3        EV: 10    Int:  4    God:    Trog [*****.]
Gold:   401        SH:  0    Dex: 10    Spells: 9/9 levels left

rFire    . . .     SeeInvis +   P - +2 great sword (antimagic)
rCold    . . .     Gourm    .   (shield currently unavailable)
rNeg     . . .     Faith    .   z - +0 chain mail
rPois    .         Spirit   .   (helmet restricted)
rElec    .         Reflect  .   m - +1 cloak
rCorr    .         Harm     +   (no gloves)
MR       .....                  (no boots)
Stlth    ..........             u - amulet of harm
HPRegen  0.34/turn              d - ring of see invisible
MPRegen  0.08/turn              (no ring)

@: berserking, very quick
A: retaliatory headbutt, horns 2
a: Berserk, Trog's Hand, Brothers in Arms, Renounce Religion


You were on level 12 of the Dungeon.
You worshipped Trog.
Trog was extremely pleased with you.
You were not hungry.

You visited 1 branch of the dungeon, and saw 10 of its levels.

You collected 401 gold pieces.

Inventory:

Hand Weapons
 a - a +0 falchion
 h - a +0 falchion
   (You found it on level 1 of the Dungeon)
 F - a +3 triple sword
   (Trog gifted it to you on level 6 of the Dungeon)
 P - a +2 antimagic great sword (weapon)
   (Trog gifted it to you on level 12 of the Dungeon)
Missiles
 J - 2 throwing nets (quivered)
Armour
 b - a +0 animal skin
 m - a +1 cloak (worn)
   (You took it off Crazy Yiuf on level 2 of the Dungeon)
 v - a +0 cloak
   (You found it on level 4 of the Dungeon)
 z - a +0 chain mail (worn)
   (You found it on level 4 of the Dungeon)
Jewellery
 d - a ring of see invisible (left hand)
   (You found it on level 2 of the Dungeon)
 u - an amulet of harm (around neck)
   (You found it on level 3 of the Dungeon)
 w - an uncursed amulet of magic regeneration
   (You found it on level 4 of the Dungeon)
Wands
 n - a wand of polymorph (13)
   (You took it off Crazy Yiuf on level 2 of the Dungeon)
 y - a wand of paralysis (13)
   (You found it on level 4 of the Dungeon)
 B - a wand of digging (4)
   (You found it on level 11 of the Dungeon)
 D - a wand of disintegration (8)
   (You found it on level 6 of the Dungeon)
 E - a wand of acid (5)
   (You found it on level 6 of the Dungeon)
 H - a wand of flame (12)
   (You found it on level 7 of the Dungeon)
 M - a wand of enslavement (8)
   (You found it on level 11 of the Dungeon)
Scrolls
 e - 2 scrolls of enchant armour
 f - 4 scrolls of identify {@r1}
 g - a scroll of magic mapping {unknown}
 q - 4 scrolls of teleportation
 r - 4 scrolls of remove curse {@r2}
 t - 2 scrolls of fear {unknown}
 x - a scroll of fog {unknown}
 C - a scroll of blinking {unknown}
 K - a scroll of holy word {unknown}
 N - a scroll of amnesia {unknown}
Potions
 i - 3 potions of lignification {unknown}
 j - 2 potions of curing {unknown}
 k - a potion of resistance {unknown}
 l - a potion of flight {unknown}
 o - a potion of ambrosia {unknown}
 p - a potion of stabbing
 s - a potion of haste {unknown}
 A - a potion of might {unknown}
 G - 2 potions of degeneration {unknown}
 I - 2 potions of heal wounds
 L - a potion of magic {unknown}
Comestibles
 c - 6 rations


   Skills:
 + Level 11.7 Fighting
 + Level 11.8 Long Blades
 + Level 11.4 Armour
 - Level 2.1 Dodging


You had 9 spell levels left.
You didn't know any spells.
Your spell library was empty.

Dungeon Overview and Level Annotations

Branches:
Dungeon (12/15)
 Temple: D:4-7         Lair: D:8-11         Orc: D:9-12

Altars:
Ashenzari
Cheibriados
Elyvilon
Nemelex Xobeh
Okawaru
Uskayaw
Wu Jian


Innate Abilities, Weirdness & Mutations

You reflexively headbutt those who attack you in melee.
You have a pair of horns on your head.


Message History

The nine-headed hydra bites you but does no damage.
The nine-headed hydra barely misses you.
The nine-headed hydra bites you but does no damage.
The nine-headed hydra bites you!
* * * LOW HITPOINT WARNING * * *
The nine-headed hydra bites you but does no damage.
The nine-headed hydra bites you.
* * * LOW HITPOINT WARNING * * *
The nine-headed hydra closely misses you. x2
You slice one of the nine-headed hydra's heads off!
The eight-headed hydra grows two more!
You slash the ten-headed hydra!
You headbutt the ten-headed hydra, but do no damage.
The ten-headed hydra is heavily wounded.
The ten-headed hydra bites you but does no damage. x3
The ten-headed hydra bites you!
* * * LOW HITPOINT WARNING * * *
The ten-headed hydra bites you but does no damage. x5
The ten-headed hydra bites you.
* * * LOW HITPOINT WARNING * * *
A red film seems to cover your vision as you go berserk!
You feel yourself moving faster!
You feel mighty!
You feel quite a bit more hungry.
The ten-headed hydra completely misses you. x2
The ten-headed hydra closely misses you.
The ten-headed hydra bites you but does no damage.
The ten-headed hydra bites you.
* * * LOW HITPOINT WARNING * * *
The ten-headed hydra closely misses you. x2
The ten-headed hydra bites you but does no damage.
The ten-headed hydra bites you.
* * * LOW HITPOINT WARNING * * *
The ten-headed hydra barely misses you.
You lop one of the ten-headed hydra's heads off!
The nine-headed hydra grows two more!
You slash the 11-headed hydra! You headbutt the 11-headed hydra!
The 11-headed hydra is heavily wounded.
The 11-headed hydra bites you.
* * * LOW HITPOINT WARNING * * *
The 11-headed hydra closely misses you. The 11-headed hydra bites you!
* * * LOW HITPOINT WARNING * * *
The 11-headed hydra bites you but does no damage.
The 11-headed hydra barely misses you. x2
The 11-headed hydra closely misses you. The 11-headed hydra barely misses you.
The 11-headed hydra closely misses you. x2
The 11-headed hydra barely misses you.
You hack one of the 11-headed hydra's heads off!
The ten-headed hydra grows two more!
You slash the 12-headed hydra!
The 12-headed hydra is heavily wounded.
The 12-headed hydra bites you.
You die...

.##... .... .....
#................. ....
...._.............
##.#####.....#..........
.#....#......#..........
.........#..#...........
.......## #........%...)
.#......# #......!...(.
###.##..####....@Dt....#
####..................
###.............##.
#.##...........#
###.........#...#
##.....####.... ####..#
... #### ##


You could see a 12-headed hydra and a crocodile.

Vanquished Creatures
  Harold (D:7)
  A manticore (D:11)
  A gargoyle (D:11)
  A hornet (D:11)
  A hippogriff (D:11)
  A vampire (D:12)
  11 yaks
  A water moccasin (D:11)
  2 orc warriors
  A black bear (D:12)
  A sky beast (D:6)
  An ice beast (D:6)
  A necrophage (D:5)
  A phantom (D:6)
  A centaur (D:7)
  3 bullfrogs
  A water moccasin zombie (D:6)
  A wyvern skeleton (D:6)
  A scorpion (D:4)
  4 killer bees (D:7)
  A howler monkey (D:2)
  8 wights
  2 crimson imps
  A centaur zombie (D:6)
  4 bullfrog zombies (D:6)
  2 hounds
  2 jellies
  3 bullfrog skeletons (D:6)
  6 orc priests
  10 orc wizards
  Crazy Yiuf (D:2)
  Jessica (D:2)
  Terence (D:3)
  Natasha (thrice) (D:2)
  2 iguanas
  4 worker ants
  2 hound zombies
  3 worker ant zombies
  6 gnolls
  11 adders
  4 shadow imps
  2 oozes
  An adder skeleton (D:6)
  An adder zombie (D:6)
  2 worms
  A dart slug (D:2)
  4 leopard geckos
  26 orcs
  6 giant cockroaches
  15 goblins
  11 hobgoblins
  9 jackals
  3 kobolds
  3 quokkas
  A ball python (D:1)
  4 bats
  9 frilled lizards
  2 giant cockroach zombies (D:6)
  A jackal skeleton (D:6)
  A jackal zombie (D:6)
  A leopard gecko skeleton (D:6)
  A leopard gecko zombie (D:6)
  A quokka skeleton (D:5)
  A quokka zombie (D:6)
  12 rats
  A withered plant (D:6)
232 creatures vanquished.

Vanquished Creatures (others)
  A wight (D:11)
1 creature vanquished.

Grand Total: 233 creatures vanquished

Notes
Turn   | Place    | Note
-------+----------+-------------------------------------------
     0 | D:1      | b5mith the Minotaur Berserker began the quest for the Orb.
     0 | D:1      | Reached XP level 1. HP: 19/19 MP: 0/0
    31 | D:1      | Found an iron altar of Okawaru.
    59 | D:1      | Reached XP level 2. HP: 17/27 MP: 1/1
   560 | D:2      | Noticed Jessica
   564 | D:2      | Killed Jessica
   564 | D:2      | Reached XP level 3. HP: 34/34 MP: 2/2
   611 | D:2      | Reached ** piety under Trog
   612 | D:2      | Reached XP level 4. HP: 38/41 MP: 3/3
   740 | D:2      | Found an ornate altar of the Wu Jian Council.
   942 | D:2      | Found a runed translucent door.
   943 | D:2      | Noticed Crazy Yiuf
   949 | D:2      | Killed Crazy Yiuf
  1011 | D:2      | Reached skill level 5 in Fighting
  1025 | D:2      | Reached XP level 5. HP: 33/48 MP: 4/4
  1108 | D:2      | Noticed Natasha
  1114 | D:2      | Killed Natasha
  1114 | D:2      | Reached skill level 5 in Long Blades
  1123 | D:2      | Noticed Natasha
  1130 | D:2      | Killed Natasha
  1188 | D:2      | Noticed Natasha
  1191 | D:2      | Killed Natasha
  1335 | D:3      | Reached XP level 6. HP: 34/56 MP: 5/5
  1523 | D:3      | Reached *** piety under Trog
  1606 | D:3      | Noticed Terence
  1617 | D:3      | Killed Terence
  1636 | D:3      | Reached skill level 5 in Armour
  1941 | D:3      | Found a sparkling altar of Nemelex Xobeh.
  2448 | D:4      | Reached **** piety under Trog
  2448 | D:4      | Reached XP level 7. HP: 34/63 MP: 6/6
  2997 | D:4      | Found a shattered altar of Ashenzari.
  3151 | D:4      | HP: 4/96 [orc warrior/+0 flail (20)]
  3557 | D:5      | Entered Level 5 of the Dungeon
  3903 | D:5      | You fall into a shaft and drop 1 floor!
  4046 | D:5      | Reached XP level 8. HP: 62/73 MP: 7/7
  4540 | D:6      | Reached ***** piety under Trog
  4540 | D:6      | Received a gift from Trog
  4610 | D:6      | Found a snail-covered altar of Cheibriados.
  4620 | D:6      | Found a white marble altar of Elyvilon.
  4779 | D:6      | Reached XP level 9. HP: 82/82 MP: 8/8
  5485 | D:7      | Noticed Harold
  5495 | D:7      | Killed Harold
  5495 | D:7      | Reached skill level 10 in Fighting
  5495 | D:7      | Reached skill level 10 in Long Blades
  5958 | D:8      | You fall into a shaft and drop 3 floors!
  6126 | D:11     | Reached skill level 10 in Armour
  6314 | D:11     | Noticed a manticore
  6314 | D:11     | Noticed a gargoyle
  6325 | D:11     | Killed a gargoyle
  6325 | D:11     | Reached XP level 10. HP: 30/94 MP: 9/9
  6328 | D:11     | Killed a manticore
  7244 | D:12     | Received a gift from Trog
  7528 | D:12     | Found a hide-covered altar of Uskayaw.
  7539 | D:12     | Noticed an eight-headed hydra
  7546 | D:12     | HP: 3/145 [11-headed hydra (9)]
  7547 | D:12     | Slain by a 12-headed hydra

Levels and vault maps discovered:
D:1:      dpeg_arrival_short_road, layout_basic, okawaru_ov_weapons_minmay
D:2:      layout_rooms, lemuel_crystal_altar, uniq_natasha, uniq_jessica,
          uniq_crazy_yiuf_cottage
D:3:      layout_basic, marbit_many_paths, uniq_terence
D:4:      layout_loops_ring, nicolae_ashenzari_panopticon
D:5:      layout_loops_cross, nicolae_ru_the_path_less_chosen,
          minmay_temple_entry_glass, first_ration, kennysheep_generic_room_11
D:6:      layout_basic, amethyst_overflow_temple_binary, serial_undead,
          serial_undead_e, serial_undead_d, serial_undead_e, serial_undead_c,
          serial_undead_f, serial_undead_a
D:7:      layout_basic, uniq_harold
D:8:      layout_loops_cross, kennysheep_vampire_church, basic_altar,
          sword_in_stone
D:11:     layout_roguey
D:12:     layout_cave_pools, basic_altar, hangedman_little_slice_of_home

Skill      XL: |  1  2  3  4  5  6  7  8  9 10 |
---------------+-------------------------------+-----
Fighting       | 4 5 6 7 8 10 11 | 11.7
Long Blades    | 4 5 6 7 9 10 11 | 11.8
Armour         | 3 4 5 6 8 10 11 | 11.4
Dodging        | |  2.1

Action                   |  1- 3 |  4- 6 |  7- 9 | 10-12 || total
-------------------------+-------+-------+-------+-------++-------
Melee: Falchion          |    45 |   162 |   179 |       ||   386
       Headbutt          |     4 |    28 |    55 |    14 ||   101
       Triple sword      |       |       |    75 |    34 ||   109
       Great sword       |       |       |       |     8 ||     8
Throw: Throwing net      |       |       |       |     1 ||     1
Invok: Berserk           |       |     1 |     4 |     3 ||     8
Evoke: Wand              |       |       |     4 |       ||     4
  Use: Scroll            |       |     3 |     6 |       ||     9
       Potion            |       |       |     2 |       ||     2
 Stab: Sleeping          |     1 |       |       |       ||     1
  Eat: Chunk             |       |     4 |     8 |     2 ||    14
       Ration            |       |     1 |     2 |     2 ||     5
Armor: Animal skin       |     4 |    16 |     3 |       ||    23
       Chain mail        |       |       |   148 |    48 ||   196
Dodge: Dodged            |    22 |    98 |   177 |    46 ||   343
       Rpst.: Falchion   |     5 |    21 |    38 |       ||    64
       Triple sword      |       |       |    23 |     6 ||    29

Table legend:
 A = Non-vault XP
 B = Vault XP
 C = Vault XP percentage of total XP
 D = Non-vault monster count
 E = Vault monster count
 F = Vault count percentage of total count
                 A         B        C        D         E       F
            +---------+---------+-------+---------+---------+-------
      Total |    8082 |    1505 |  15.7 |     206 |      25 |  10.8
            +---------+---------+-------+---------+---------+-------
        D:1 |      32 |       0 |   0.0 |      19 |       0 |   0.0
        D:2 |     220 |     111 |  33.5 |      33 |       3 |   8.3
        D:3 |     187 |      37 |  16.5 |      28 |       2 |   6.7
        D:4 |     461 |       0 |   0.0 |      29 |       0 |   0.0
        D:5 |     404 |       0 |   0.0 |      17 |       0 |   0.0
        D:6 |    1028 |     407 |  28.4 |      20 |      19 |  48.7
        D:7 |     640 |     950 |  59.7 |      17 |       1 |   5.6
       D:11 |    3825 |       0 |   0.0 |      34 |       0 |   0.0
       D:12 |    1285 |       0 |   0.0 |       9 |       0 |   0.0
            +---------+---------+-------+---------+---------+-------
